 Dungeon Crawl Stone Soup version 0.28.0-53-g5a82cb258f (webtiles) character file.

Game seed: 4661938117875554158

168 Legadrian the Skirmisher (level 5, 0/44 HPs)
             Began as a Human Fighter on July 8, 2022.
             Was a Follower of Sif Muna.
             Slain by a phantom (1 damage)
             ... on level 4 of the Dungeon.
             The game lasted 00:08:23 (3977 turns).

Legadrian the Skirmisher (Human Fighter)            Turns: 3977, Time: 00:08:23

Health: 0/44       AC:  6    Str: 18    XL:     5   Next: 78%
Magic:  9/9        EV:  9    Int:  8    God:    Sif Muna [*.....]
Gold:   145        SH:  4    Dex: 13    Spells: 8/9 levels left

rFire   . . .      SeeInvis .   a - +0 long sword
rCold   . . .      Faith    .   c - +0 buckler
rNeg    . . .      Spirit   .   b - +0 scale mail
rPois   .          Reflect  .   (no helmet)
rElec   .          Harm     .   (no cloak)
rCorr   .          Rampage  .   (no gloves)
Will    .....                   (no boots)
Stlth   ..........              (no amulet)
HPRegen 0.14/turn               (no ring)
MPRegen 0.11/turn               (no ring)

@: no status effects
A: no striking features
a: Renounce Religion, Channel Magic


You were on level 4 of the Dungeon.
You worshipped Sif Muna.
Sif Muna was aware of your devotion.
You visited 1 branch of the dungeon, and saw 4 of its levels.

You collected 145 gold pieces.

Inventory:

Hand Weapons
 a - a +0 long sword (weapon)
Missiles
 h - 3 poisoned darts (quivered)
 k - 7 stones
 l - 66 arrows
 o - 16 sling bullets
Armour
 b - a +0 scale mail (worn)
 c - a +0 buckler (worn)
Scrolls
 e - 2 scrolls of identify {unknown}
 f - 3 scrolls of teleportation {unknown}
 m - a scroll of amnesia {unknown}
 n - a scroll of magic mapping {unknown}
Potions
 d - a potion of mutation {unknown}
 g - a potion of curing {unknown}
 i - a potion of ambrosia {unknown}
 j - 2 potions of attraction {unknown}


   Skills:
 - Level 5.0 Fighting
 - Level 2.0 Long Blades
 - Level 3.0 Armour
 - Level 3.0 Shields
 + Level 2.7 Spellcasting


You had 8 spell levels left.
You knew the following spells:

 Your Spells              Type           Power      Damage    Failure   Level
a - Sting                 Tmut/Pois      4%         1d3       80%         1

Your spell library contained the following spells:

 Spells                   Type           Power      Damage    Failure   Level
 Summon Small Mammal      Summ           4%         N/A       80%         1
 Call Canine Familiar     Summ           1%         N/A       99%         3
 Spider Form              Tmut/Pois      1%         N/A       99%         3
 Summon Guardian Golem    Hex/Summ       1%         N/A       99%         3
 Yara's Violent Unravell  Hex/Tmut       0%         3d3       100%        5


Dungeon Overview and Level Annotations

Branches:
Dungeon (4/15)
 Temple: D:4-7

Altars:
Sif Muna


Message History

The phantom hits you.
You slash the phantom!
The phantom is severely damaged.
You block the phantom's attack.
You miss the phantom.
The phantom is severely damaged.
The phantom hits you.
The phantom blinks!
You blink.
You block the phantom's attack.
You hit the phantom.
The phantom is severely damaged.
The phantom hits you!
* * * LOW HITPOINT WARNING * * *
The phantom blinks!
You blink.
You barely miss the phantom.
The phantom is severely damaged.
The phantom hits you but does no damage.
You hit the phantom but do no damage.
The phantom is severely damaged.
The phantom hits you but does no damage.
You block the phantom's attack.
You closely miss the phantom.
The phantom is severely damaged.
The phantom hits you.
* * * LOW HITPOINT WARNING * * *
The phantom blinks!
You blink.
You hit the phantom but do no damage.
The phantom is severely damaged.
The phantom closely misses you.
You slash the phantom!
The phantom is almost destroyed.
The phantom hits you but does no damage.
The phantom barely misses you.
You closely miss the phantom.
The phantom is almost destroyed.
The phantom hits you!
* * * LOW HITPOINT WARNING * * *
You barely miss the phantom.
The phantom is almost destroyed.
The phantom hits you.
You die...

##...##
##.....##
##.......##
#.........#
+.........+
#.....)..<#
##..ยง....##
#####.....##
#.@W...!.##
#.#####..#
#. #..# #.
#..# .. #..#
#. ...# #.
.... #.


You could see a phantom.

Vanquished Creatures
  A scorpion (D:3)
  3 adders
  2 worms
  An orc (D:3)
  16 bats
  5 endoplasms
  2 giant cockroaches (D:1)
  6 goblins
  9 hobgoblins
  3 jackals (D:2)
  A quokka (D:1)
  8 ball pythons
  3 frilled lizards
  6 kobolds
  6 rats
72 creatures vanquished.

Notes
Turn   | Place    | Note
-------+----------+-------------------------------------------
     0 | D:1      | Legadrian the Human Fighter began the quest for the Orb.
     0 | D:1      | Reached XP level 1. HP: 18/18 MP: 1/1
   386 | D:1      | Reached XP level 2. HP: 24/24 MP: 2/2
  1013 | D:1      | Got the Handbook of Shape Shifting
  1021 | D:1      | Reached skill level 4 in Fighting
  1021 | D:1      | Reached XP level 3. HP: 30/30 MP: 3/3
  1735 | D:2      | Reached XP level 4. HP: 25/38 MP: 4/4
  2032 | D:2      | Found a faded altar of an unknown god.
  2432 | D:2      | Prayed at the altar of an unknown god.
  2432 | D:2      | Became a worshipper of Sif Muna the Loreminder
  2432 | D:2      | Reached * piety under Sif Muna
  2490 | D:2      | Reached skill level 5 in Fighting
  2816 | D:3      | Learned a level 1 spell: Sting
  2871 | D:3      | Noticed a scorpion
  2884 | D:3      | Killed a scorpion
  2885 | D:3      | Reached XP level 5. HP: 15/44 MP: 4/8
  3958 | D:4      | Noticed a phantom
  3976 | D:4      | HP: 1/44 [phantom (8)]
  3977 | D:4      | Slain by a phantom

Illustrated notes

Levels and vault maps discovered:
D:1:      dpeg_arrival_short_road, layout_basic
D:2:      wander_river, layout_basic, chequers_ecumenical_altar_lobes,
          kennysheep_path_1
D:3:      wad_river_or_something, layout_basic
D:4:      layout_loops_corners, gammafunk_ghost_cemetery, dk_vineyard_3,
          kennysheep_generic_room_8

Skill      XL: |  1  2  3  4 |
---------------+-------------+-----
Fighting       | 4 5 |  5.0
Spellcasting   | 2 |  2.7
Long Blades    | |  2.0
Armour         | |  3.0
Shields        | |  3.0

Action                   |  1- 3 |  4- 6 || total
-------------------------+-------+-------++-------
Melee: Long sword        |   130 |   117 ||   247
  Use: Potion            |       |     2 ||     2
Armor: Scale mail        |    83 |    50 ||   133
Dodge: Dodged            |    51 |    58 ||   109
Block: Buckler           |    33 |    34 ||    67
